 Dungeon Crawl Stone Soup version 0.28.0 (webtiles) character file.

Game seed: 8285507767232181681

94137 browni3141 the Severer (level 15, -14/145 HPs)
             Began as a Minotaur Berserker on Feb 17, 2022.
             Was a High Priest of Trog.
             Demolished by a salamander (15 damage)
             ... on level 3 of the Snake Pit.
             The game lasted 00:18:32 (28856 turns).

browni3141 the Severer (Minotaur Berserker)        Turns: 28856, Time: 00:18:33

Health: -14/145    AC: 25    Str: 39    XL:     15   Next: 62%
Magic:  14/14      EV: 11    Int:  4    God:    Trog [*****.]
Gold:   662        SH: 13    Dex: 17    Spells: 14/14 levels left

rFire   . . .      SeeInvis .   C - +5 war axe
rCold   + . .      Faith    .   V - +0 kite shield
rNeg    + . .      Spirit   .   e - +6 acid dragon scales of Sorcery {rN+ rCorr Str+4}
rPois   +          Reflect  .   P - +2 hat {Will+}
rElec   .          Harm     .   B - +2 cloak
rCorr   +          Rampage  .   a - +0 pair of fencer's gloves {Riposte Dex+3}
Will    ++...                   s - +0 pair of boots
Stlth   +.........              Z - amulet of the acrobat
HPRegen 0.34/turn               O - ring of Saecw {rC+ Str+5 Dex+3}
MPRegen 0.14/turn               E - ring "Plog" {Fly rPois Str+2}

@: on berserk cooldown, flying, slowed, very slow
A: horns 2, retaliatory headbutt
a: Renounce Religion, Berserk, Trog's Hand, Brothers in Arms


You were on level 3 of the Snake Pit.
You worshipped Trog.
Trog was extremely pleased with you.
You visited 4 branches of the dungeon, and saw 26 of its levels.
You also visited: Gauntlet.

You collected 1380 gold pieces.
You spent 718 gold pieces at shops.


Innate Abilities, Weirdness & Mutations

You have a pair of horns on your head.
You reflexively headbutt those who attack you in melee.


   Skills:
 + Level 16.7 Fighting
 - Level 18.4 Axes
 + Level 16.4 Armour
 - Level 2.1 Dodging
 * Level 14.3 Shields
 - Level 7.0 Evocations


You had 14 spell levels left.
You didn't know any spells.
Your spell library was empty.

Inventory:

Hand Weapons
 C - a +5 war axe (weapon)
 T - a +1 war axe of venom
Missiles
 L - 3 throwing nets (quivered)
Armour
 a - the +0 pair of fencer's gloves (worn) {Riposte Dex+3}
   (You bought it in a shop on level 9 of the Dungeon)

   It allows the wearer to riposte with melee weapons, swiftly retaliating
   against missed attacks.
   Dex:       It affects your dexterity (+3).
 e - the +6 acid dragon scales of Sorcery (worn) {rN+ rCorr Str+4}
   (You took it off a minotaur in a Gauntlet)

   Str:       It affects your strength (+4).
   rN:        It protects you from negative energy.
   rCorr:     It protects you from acid and corrosion.
 s - a +0 pair of boots (worn)
 B - a +2 cloak (worn)
 P - a +2 hat of willpower (worn)
 V - a +0 kite shield (worn)
Jewellery
 z - the ring "Ytwar" {rN+ MP+9 EV+4}
   (You took it off a wight on level 6 of the Dungeon)

   [ring of evasion]

   EV:        It affects your evasion (+4).
   rN:        It protects you from negative energy.
   MP:        It affects your magic capacity (+9).
 E - the ring "Plog" (right hand) {Fly rPois Str+2}
   (You found it in a Gauntlet)

   [ring of flight]

   Str:       It affects your strength (+2).
   rPois:     It protects you from poison.
   Fly:       It grants you flight.
 F - a ring of fire
 M - a ring of willpower
 O - the ring of Saecw (left hand) {rC+ Str+5 Dex+3}
   (You found it in a Gauntlet)

   [ring of protection from cold]

   Str:       It affects your strength (+5).
   Dex:       It affects your dexterity (+3).
   rC:        It protects you from cold.
 R - a ring of resist corrosion
 Z - an amulet of the acrobat (around neck)
Wands
 b - a wand of charming (6)
 l - a wand of iceblast (15)
 A - a wand of flame (65)
 D - a wand of polymorph (5)
 Q - a wand of digging (10)
 U - a wand of mindburst (6)
 X - a wand of acid (11)
Scrolls
 d - 2 scrolls of blinking {@r3}
 f - 3 scrolls of immolation {!r}
 h - 5 scrolls of magic mapping
 j - 4 scrolls of torment {!r}
 o - 11 scrolls of teleportation {@r4}
 q - 5 scrolls of enchant weapon
 u - 2 scrolls of silence {!r}
 v - 2 scrolls of brand weapon
 x - 4 scrolls of holy word
 y - 3 scrolls of fear
 G - 3 scrolls of vulnerability {!r}
 J - a scroll of summoning
 K - 3 scrolls of noise {!r}
 Y - 3 scrolls of fog {@r5}
Potions
 c - 2 potions of degeneration {unknown}
 g - a potion of cancellation
 i - 5 potions of attraction {!q}
 k - a potion of invisibility {unknown}
 m - 6 potions of heal wounds {@q2}
 n - 2 potions of berserk rage {unknown}
 p - 5 potions of ambrosia {unknown}
 r - a potion of lignification {!q}
 t - 6 potions of mutation {!q}
 w - 5 potions of magic {unknown}
 H - 4 potions of curing {@q1}
 N - 4 potions of might {unknown}
 S - 6 potions of flight {unknown}
 W - a potion of haste {@q3}

Dungeon Overview and Level Annotations

Branches:
Dungeon (15/15)            Temple (0/1) D:7            Lair (6/6) D:9
 Shoals (1/4) Lair:4        Snake (4/4) Lair:4        Slime (0/5) Lair:5
    Orc (0/2) D:12         Vaults (0/5) D:13         Depths (0/4) D:15
Gauntlet (visited)

Altars:
The Shining One
Jiyva

Shops:
D:9 =[?!

Annotations:
Lair:4 2 transporters

........##.....
........#.รท)#..
......###..##.#
......#....#..#
.###.......#..#
#####...######.##.##
#<....N.... .. ....
#.......... ####..#.
#..@N...... ....#.
##....N.... .. ##
####N#.#.. . .# # .
#


You could see a salamander mystic, 2 salamanders and a naga.


Message History

The salamander shoots an arrow.
The arrow hits you.
* * * LOW HITPOINT WARNING * * *
The arrow burns you.
* * * LOW HITPOINT WARNING * * *
You feel a strong urge to attack something.
The salamander shoots an arrow.
You block the arrow.
The salamander shoots an arrow.
The arrow misses you.
Found a crystal rapier.
You feel your anger nearly subside.
The salamander shoots an arrow.
You block the arrow.
You are no longer berserk.
You are exhausted.
You feel yourself slow down.
The salamander shoots an arrow.
You block the arrow.
The salamander shoots an arrow.
The arrow completely misses you.
The salamander shoots an arrow.
The arrow hits you but does no damage.
The salamander shoots an arrow.
The arrow closely misses you.
The salamander shoots an arrow.
You block the arrow.
There is a stone staircase leading up here.
The salamander shoots an arrow.
You block the arrow.
The salamander shoots an arrow.
The arrow hits you!
* * * LOW HITPOINT WARNING * * *
The arrow burns you.
* * * LOW HITPOINT WARNING * * *
You fly upwards.
The naga shouts!
The salamander hits you from afar with a +3 trident!
* * * LOW HITPOINT WARNING * * *
You are engulfed in flames!
You die...

Skill      XL: |  1  2  3  4  5  6  7  8  9 10 11 12 13 14 15 |
---------------+----------------------------------------------+-----
Axes           | 4 5 6 7 8 10 12 14 16 18 | 18.4
Fighting       | 4 5 6 7 9 10 12 13 14 15 16 | 16.7
Armour         | 3 4 5 6 7 9 10 11 13 14 15 16 | 16.4
Evocations     | 1 4 6 7 |  7.0
Shields        | 7 12 14 | 14.3
Dodging        | |  2.1

Action                   |  1- 3 |  4- 6 |  7- 9 | 10-12 | 13-15 || total
-------------------------+-------+-------+-------+-------+-------++-------
Melee: Hand axe          |    59 |       |       |       |       ||    59
       Headbutt          |    10 |    16 |    17 |    69 |   207 ||   319
       Punch             |     1 |       |     1 |     5 |     2 ||     9
       War axe           |    29 |   103 |   132 |   333 |   739 ||  1336
Throw: Throwing net      |       |       |       |     4 |       ||     4
Invok: Berserk           |     1 |     3 |     7 |    11 |    22 ||    44
       Trog's Hand       |       |     2 |       |     1 |     5 ||     8
       Brothers in Arms  |       |       |       |       |     2 ||     2
Evoke: Wand              |       |       |     4 |       |       ||     4
  Use: Scroll            |       |       |       |     9 |    14 ||    23
 Stab: Held in net/web   |       |       |       |     1 |       ||     1
       Petrified         |       |       |       |       |     3 ||     3
Armor: Animal skin       |     7 |       |       |       |       ||     7
       Plate armour      |    24 |    72 |    94 |   225 |   268 ||   683
       Acid dragon scale |       |       |       |       |   183 ||   183
Dodge: Dodged            |    51 |    39 |    49 |   196 |   415 ||   750
Block: Kite shield       |       |       |       |       |   413 ||   413
       Rpst.: War axe    |       |       |       |       |    34 ||    34

Levels and vault maps discovered:
D:1:      erik_arrival_cave_to_civilisation [erik_arrival_cave_to_temple],
          layout_basic, shapermc_ecumenical_altar_hornbeckon
D:2:      layout_rooms, basic_altar
D:3:      layout_loops_ring
D:4:      layout_cave_pools, uniq_ijyb
D:5:      layout_cave_pools, kennysheep_small_spiral
D:6:      layout_cave_pools, uniq_crazy_yiuf_cottage, uniq_grinder
D:7:      layout_layer_cave, minmay_temple_entry_slanted, st_stairs_4,
          nicolae_figureground_sparkle, uniq_menkaure, uniq_prince_ribbit1,
          uniq_joseph, uniq_duvessa
D:8:      layout_rooms, nicolae_overflow_hidden_temple
D:9:      layout_loops_ring, david_lair_generic, minmay_shop_grid_forest,
          grunt_ministairs_9
D:10:     layout_rooms, kennysheep_nondescript, uniq_josephine
D:11:     layout_basic, laboratory, uniq_erica, uniq_snorg
D:12:     layout_basic, orc_0_dummy, gauntlet_entry_generic
D:13:     layout_loops_ring, hangedman_vaults_entry_quadrant_bands, drop_trap,
          uniq_jorgrun
D:14:     layout_long_grid, minivault_19, uniq_agnes
D:15:     grunt_enter_depths_magical_seal, layout_loops_ring
Lair:1:   layout_gridlike, serial_bayou_pond_b, uniq_harold
Lair:2:   layout_long_grid, minivault_23, uniq_gastronok
Lair:3:   layout_concentric_octagons, minmay_hedge_maze
Lair:4:   gammafunk_worm_tunnel, layout_cave_pods, minmay_shoals_entry_beasts,
          st_stairs_9, uniq_urug
Lair:5:   layout_small_grid, slime_altar_1, grunt_megastairs_4
Lair:6:   grunt_lair_end_beastmaster, layout_gridlike,
          infiniplex_staircase_pool_2
Shoals:1: layout_shoals
Snake:1:  layout_cave_shapes
Snake:2:  layout_concentric_octagons, nicolae_snake_gridmaze_swirls, uniq_azrael
Snake:3:  layout_honeycomb, portal_ice_cave_entry_pillars_three, uniq_donald
Snake:4:  minmay_snake_end_coiled, layout_basic, ebering_ghost_disaster_area,
          lemuel_fruit_tree

Notes
Turn   | Place    | Note
-------+----------+-------------------------------------------
     0 | D:1      | browni3141 the Minotaur Berserker began the quest for the
                  | Orb.
     0 | D:1      | Reached XP level 1. HP: 19/19 MP: 0/0
   141 | D:1      | Reached skill level 4 in Axes
   143 | D:1      | Reached XP level 2. HP: 23/27 MP: 1/1
   922 | D:1      | Reached skill level 4 in Fighting
   949 | D:1      | Found a faded altar of an unknown god.
  1133 | D:1      | Reached skill level 3 in Armour
  1345 | D:2      | Reached XP level 3. HP: 33/33 MP: 2/2
  1467 | D:2      | Found a glowing golden altar of the Shining One.
  1916 | D:2      | Reached ** piety under Trog
  2010 | D:3      | Reached XP level 4. HP: 40/41 MP: 3/3
  2060 | D:3      | Reached skill level 5 in Axes
  2415 | D:3      | Reached XP level 5. HP: 47/47 MP: 4/4
  2631 | D:3      | Reached skill level 4 in Armour
  2878 | D:3      | Reached skill level 6 in Axes
  3212 | D:4      | Reached skill level 5 in Fighting
  3331 | D:4      | Noticed Ijyb
  3332 | D:4      | Noticed a phantom
  3342 | D:4      | Killed Ijyb
  3344 | D:4      | Killed a phantom
  3345 | D:4      | Reached XP level 6. HP: 40/56 MP: 5/5
  3800 | D:5      | Entered Level 5 of the Dungeon
  3819 | D:5      | Reached skill level 7 in Axes
  4576 | D:6      | Noticed Grinder
  4578 | D:6      | Paralysed by Grinder for 2 turns
  4596 | D:6      | Killed Grinder
  4597 | D:6      | Reached skill level 6 in Fighting
  4597 | D:6      | Reached skill level 5 in Armour
  4597 | D:6      | Reached XP level 7. HP: 35/63 MP: 6/6
  4604 | D:6      | Reached skill level 8 in Axes
  4760 | D:6      | Identified the ring "Ytwar" {rN+ MP+9 EV+4}
  4777 | D:6      | Reached skill level 6 in Armour
  4777 | D:6      | Reached XP level 8. HP: 32/71 MP: 7/7
  4780 | D:6      | Reached skill level 9 in Axes
  5231 | D:6      | Found a runed translucent door.
  5232 | D:6      | Noticed Crazy Yiuf
  5389 | D:6      | Killed Crazy Yiuf
  5593 | D:7      | Noticed Joseph
  5607 | D:7      | Killed Joseph
  5608 | D:7      | Reached skill level 7 in Fighting
  5771 | D:7      | Noticed Duvessa
  5771 | D:7      | Noticed Dowan
  5776 | D:7      | Killed Dowan
  5777 | D:7      | Reached skill level 10 in Axes
  5780 | D:7      | Killed Duvessa
  5781 | D:7      | Reached skill level 7 in Armour
  6208 | D:7      | Reached XP level 9. HP: 74/81 MP: 8/8
  6211 | D:7      | Noticed Menkaure
  6216 | D:7      | Reached skill level 8 in Fighting
  6220 | D:7      | Killed Menkaure
  6241 | D:7      | Reached skill level 11 in Axes
  6613 | D:7      | Found a staircase to the Ecumenical Temple.
  6657 | D:7      | Noticed Prince Ribbit
  6682 | D:7      | Killed Prince Ribbit
  7114 | D:8      | Reached skill level 8 in Armour
  7247 | D:8      | Reached *** piety under Trog
  7307 | D:8      | Noticed a boulder beetle
  7324 | D:8      | Killed a boulder beetle
  7325 | D:8      | Reached skill level 9 in Fighting
  7325 | D:8      | Reached skill level 12 in Axes
  7680 | D:9      | Found a staircase to the Lair.
  7680 | D:9      | Noticed an elephant
  7694 | D:9      | Killed an elephant
  7695 | D:9      | Reached skill level 9 in Armour
  7695 | D:9      | Reached XP level 10. HP: 91/91 MP: 9/9
  8277 | D:9      | Found Qulelots's Jewellery Boutique.
  8280 | D:9      | Found Icleod's Magic Scroll Boutique.
  8281 | D:9      | Found Evveni's Armour Boutique.
  8282 | D:9      | Found Ywyck's Distillery.
  8292 | D:9      | Bought a potion of heal wounds for 75 gold pieces
  8292 | D:9      | Bought a potion of curing for 45 gold pieces
  8295 | D:9      | Bought a scroll of identify for 26 gold pieces
  8295 | D:9      | Bought a scroll of identify for 26 gold pieces
  8295 | D:9      | Bought a scroll of identify for 26 gold pieces
  8401 | D:9      | Reached skill level 13 in Axes
  8566 | D:10     | Entered Level 10 of the Dungeon
  8681 | D:10     | Reached skill level 10 in Fighting
  8688 | D:10     | Noticed Josephine
  8697 | D:10     | Killed Josephine
  8698 | D:10     | Reached skill level 10 in Armour
  8700 | D:10     | Reached skill level 14 in Axes
  8705 | D:10     | Reached **** piety under Trog
  8891 | D:10     | Reached XP level 11. HP: 90/101 MP: 10/10
  9305 | Lair:1   | Entered Level 1 of the Lair of Beasts
  9309 | Lair:1   | Noticed Harold
  9316 | Lair:1   | Killed Harold
  9317 | Lair:1   | Reached skill level 11 in Fighting
  9325 | Lair:1   | Reached skill level 15 in Axes
  9795 | Lair:1   | Reached skill level 11 in Armour
 10328 | Lair:1   | You fall into a shaft and drop 1 floor!
 10437 | Lair:2   | Reached skill level 16 in Axes
 10604 | Lair:2   | Reached skill level 12 in Fighting
 10613 | Lair:2   | Noticed a catoblepas
 10643 | Lair:2   | Killed a catoblepas
 11020 | Lair:2   | Reached skill level 1 in Evocations
 11021 | Lair:2   | Reached XP level 12. HP: 94/112 MP: 11/11
 11027 | Lair:2   | Reached skill level 12 in Armour
 11257 | Lair:2   | Noticed a seven-headed hydra
 11260 | Lair:2   | Noticed Gastronok
 11683 | Lair:2   | Killed an 11-headed hydra
 12032 | Lair:2   | Reached skill level 2 in Evocations
 12239 | Lair:2   | Killed Gastronok
 12240 | Lair:2   | Reached skill level 17 in Axes
 12691 | Lair:3   | Noticed a four-headed hydra
 12700 | Lair:3   | Killed a nine-headed hydra
 13118 | Lair:3   | Reached skill level 3 in Evocations
 13417 | Lair:3   | Noticed a seven-headed hydra
 13430 | Lair:3   | Killed a 14-headed hydra
 13966 | Lair:3   | Reached skill level 13 in Fighting
 14178 | Lair:3   | Reached skill level 4 in Evocations
 14186 | Lair:3   | Reached skill level 18 in Axes
 14711 | Lair:4   | Found a staircase to the Shoals.
 14714 | Lair:4   | Noticed a catoblepas
 14718 | Lair:4   | Reached skill level 13 in Armour
 14725 | Lair:4   | Killed a catoblepas
 14945 | Lair:4   | Reached XP level 13. HP: 112/122 MP: 12/12
 14995 | Lair:4   | Found a transporter.
 15088 | Lair:4   | Noticed Urug
 15106 | Lair:4   | Killed Urug
 15239 | Lair:4   | Found a staircase to the Snake Pit.
 15240 | Lair:4   | Found a transporter.
 16114 | Shoals:1 | Entered Level 1 of the Shoals
 16114 | Shoals:1 | Noticed a merfolk impaler
 16180 | Lair:5   | Found a viscous altar of Jiyva.
 16180 | Lair:5   | Found a staircase to the Slime Pits.
 16248 | Lair:5   | Reached skill level 1 in Shields
 16305 | Lair:5   | Reached skill level 2 in Shields
 16630 | Lair:5   | Reached skill level 3 in Shields
 16630 | Lair:5   | Reached skill level 5 in Evocations
 16993 | Lair:5   | Reached skill level 4 in Shields
 17306 | Lair:6   | Entered Level 6 of the Lair of Beasts
 17358 | Lair:6   | Reached skill level 14 in Fighting
 17418 | Lair:6   | Reached skill level 5 in Shields
 17835 | Lair:6   | Reached skill level 6 in Shields
 18366 | Lair:6   | Reached skill level 14 in Armour
 18377 | Lair:6   | Reached ***** piety under Trog
 18378 | Lair:6   | Reached skill level 6 in Evocations
 18419 | Lair:6   | Reached skill level 7 in Shields
 18835 | Lair:6   | Reached XP level 14. HP: 26/133 MP: 13/13
 18875 | Lair:6   | Reached skill level 8 in Shields
 19985 | D:9      | Bought the +0 pair of fencer's gloves {Riposte Dex+3} for
                  | 520 gold pieces
 19985 | D:9      | Found the +0 pair of fencer's gloves {Riposte Dex+3}
 20078 | D:11     | Noticed Snorg
 20085 | D:11     | Killed Snorg
 20676 | D:11     | Reached skill level 9 in Shields
 21281 | D:11     | Found the +8 arc blade {discharge, rElec}
 21293 | D:11     | Identified the +0 pair of gloves of the Turtledove {Dex+3}
 21423 | D:11     | Noticed Erica
 21433 | D:11     | Killed Erica
 21434 | D:11     | Reached skill level 7 in Evocations
 22032 | D:12     | Reached skill level 15 in Fighting
 22265 | D:12     | Found a staircase to the Orcish Mines.
 22286 | D:12     | Found a gate leading to a gauntlet.
 22293 | Gauntlet | Entered a Gauntlet
 22293 | Gauntlet | Found a transporter.
 22293 | Gauntlet | Found a transporter.
 22300 | Gauntlet | Found a transporter.
 22300 | Gauntlet | Found a transporter.
 22375 | Gauntlet | Found a transporter.
 22381 | Gauntlet | Found a transporter.
 22381 | Gauntlet | Found a transporter.
 22397 | Gauntlet | Found a transporter.
 22420 | Gauntlet | Reached skill level 10 in Shields
 22420 | Gauntlet | Found a transporter.
 22421 | Gauntlet | Found a runed translucent door.
 22423 | Gauntlet | Identified the ring of Saecw {rC+ Str+5 Dex+3}
 22559 | Gauntlet | Identified the +6 acid dragon scales of Sorcery {rN+ rCorr
                  | Str+4}
 22722 | Gauntlet | Identified the ring "Plog" {Fly rPois Str+2}
 22724 | Gauntlet | Identified the +5 dagger of Experimentation {vorpal, Str+2
                  | Stlth+}
 22895 | D:12     | Reached skill level 15 in Armour
 23442 | D:13     | Noticed Jorgrun
 23453 | D:13     | Killed Jorgrun
 23454 | D:13     | Reached skill level 11 in Shields
 24698 | D:13     | Found a gate to the Vaults.
 25181 | D:14     | Noticed Agnes
 25188 | D:14     | Killed Agnes
 25189 | D:14     | Reached skill level 12 in Shields
 25195 | D:14     | Reached XP level 15. HP: 127/143 MP: 14/14
 25598 | D:14     | Reached skill level 16 in Fighting
 25692 | D:14     | You are sucked into a shaft and drop 1 floor!
 25692 | D:15     | Entered Level 15 of the Dungeon
 26145 | D:15     | Reached skill level 13 in Shields
 26403 | D:15     | Reached skill level 16 in Armour
 26755 | D:15     | Found a staircase to the Depths.
 27530 | Snake:1  | Entered Level 1 of the Snake Pit
 27947 | Snake:2  | Reached skill level 14 in Shields
 27969 | Snake:3  | Noticed Donald
 27985 | Snake:3  | Killed Donald
 28376 | Snake:3  | HP: 20/217 [something (14)]
 28784 | Snake:4  | Entered Level 4 of the Snake Pit
 28855 | Snake:4  | HP: 9/145 [salamander/arrow (11)]
 28856 | Snake:3  | HP: 1/145 [salamander (7)]
 28856 | Snake:3  | Demolished by a salamander

Vanquished Creatures
  Jorgrun (D:13)
  Agnes (D:14)
  Gastronok (Lair:2)
  Donald (Snake:3)
  A minotaur (Gauntlet)
  A dire elephant (Lair:6)
  Snorg (D:11)
  A blizzard demon (Gauntlet)
  Josephine (D:10)
  4 boulder beetles
  9 hydras
  Harold (Lair:1)
  Erica (D:11)
  4 catoblepae
  An ogre mage (D:13)
  4 centaur warriors
  2 anacondas
  8 death yaks
  2 tengu warriors (D:13)
  3 two-headed ogres
  A deep troll shaman (Lair:6)
  Urug (Lair:4)
  A shock serpent (Snake:3)
  A deep elf knight (D:13)
  A fire crab (shapeshifter) (D:13)
  A salamander mystic (Snake:4)
  A fire crab (Gauntlet)
  A naga ritualist (Snake:1)
  2 wizards
  An orc knight (D:13)
  3 salamanders (Snake:4)
  3 mana vipers (Snake:1)
  A deep elf pyromancer (D:13)
  A necromancer (D:15)
  5 cyclopes
  10 ugly things (D:14)
  An orc sorcerer (D:15)
  4 naga magi
  20 elephants
  7 manticores
  Joseph (D:7)
  A guardian serpent (Snake:1)
  10 black mambas
  4 centaur zombies
  A torpor snail (Lair:3)
  A smoke demon (Gauntlet)
  A centaur skeleton (D:15)
  2 rime drakes (Lair:2)
  14 cane toads
  8 komodo dragons
  An unseen horror (D:11)
  2 trolls
  5 slime creatures (D:13)
  Grinder (D:6)
  A wind drake (Lair:4)
  Prince Ribbit (D:7)
  6 polar bears
  A snapping turtle (Lair:4)
  20 blink frogs (Lair:2)
  3 dream sheep (Lair:3)
  5 large abominations (D:11)
  A centaur simulacrum (D:15)
  30 yaks
  2 wyverns
  2 shadows
  5 wraiths (D:10)
  4 basilisks
  A steam dragon (D:9)
  6 fire bats (Gauntlet)
  5 vampire mosquitoes (D:14)
  Menkaure (D:7)
  2 nagas (Snake:3)
  3 acid dragons
  16 water moccasins
  Duvessa (D:7)
  2 hell hounds (Gauntlet)
  2 black bears (D:9)
  4 orc warriors
  2 necrophages
  A phantom (D:4)
  5 ogres
  11 centaurs
  11 wolves
  A kobold brigand (D:9)
  A wyvern zombie (D:7)
  10 bullfrogs
  2 wyvern skeletons (D:7)
  7 small abominations (D:11)
  Dowan (D:7)
  10 wights
  3 howler monkeys
  3 electric eels
  3 lava snakes (Snake:4)
  4 crimson imps (Gauntlet)
  A hound (D:7)
  A jelly (D:6)
  Crazy Yiuf (D:6)
  7 orc priests
  2 gnoll shamans
  3 iguanas
  9 orc wizards
  Ijyb (D:4)
  10 gnolls
  3 adders
  A shadow imp (D:8)
  2 white imps (Gauntlet)
  2 worms
  3 dart slugs
  45 orcs
  3 ball pythons
  4 bats
  7 endoplasms
  2 giant cockroaches
  10 goblins
  8 hobgoblins
  2 jackals (D:2)
  5 quokkas
  A frilled lizard (D:3)
  11 kobolds
  A quokka skeleton (D:4)
  5 rats
515 creatures vanquished.

Vanquished Creatures (collateral kills)
  A centaur (D:13)
1 creature vanquished.

Vanquished Creatures (others)
  A wizard (D:15)
  11 fungi
  15 plants
27 creatures vanquished.

Grand Total: 543 creatures vanquished

Table legend: (Time is in decaauts)
 A = Elapsed time spent in this place.
 B = Non-inter-level travel time spent in this place.
 C = Inter-level travel time spent in this place.
 D = Time resting spent in this place.
 E = Time spent auto-exploring this place.
 F = Levels seen in this place.
 G = Mean time per level.
                   A        B        C        D        E       F      G
               +--------+--------+--------+--------+--------+-----+--------+
         Total |  29090 |  27773 |   1317 |   7348 |  17159 |  27 | 1077.4 |
       Dungeon |  16373 |  15696 |    677 |   2973 |  10821 |  15 | 1091.5 |
          Lair |  10923 |  10284 |    639 |   3197 |   6038 |   6 | 1820.5 |
        Shoals |      1 |      1 |      0 |      0 |      0 |   1 |    1.0 |
     Snake Pit |   1328 |   1328 |      0 |   1030 |    116 |   4 |  332.0 |
      Gauntlet |    463 |    463 |      0 |    146 |    183 |   1 |  463.0 |
               +--------+--------+--------+--------+--------+-----+--------+

Top non-repeatable levels by time:
  Lair:6: 2570 daAuts
  Lair:3: 2228 daAuts
  Lair:2: 1997 daAuts
    D:13: 1736 daAuts
    D:11: 1642 daAuts
  Lair:4: 1540 daAuts
     D:7: 1524 daAuts
  Lair:1: 1441 daAuts
     D:1: 1360 daAuts
     D:9: 1328 daAuts
    D:15: 1242 daAuts
     D:3: 1240 daAuts
  Lair:5: 1144 daAuts
    D:12: 1123 daAuts
     D:6: 979 daAuts

Table legend:
 A = Non-vault XP
 B = Vault XP
 C = Vault XP percentage of total XP
 D = Non-vault monster count
 E = Vault monster count
 F = Vault count percentage of total count
                 A         B        C        D         E       F
            +---------+---------+-------+---------+---------+-------
      Total |   91505 |   42977 |  32.0 |     403 |     114 |  22.1
            +---------+---------+-------+---------+---------+-------
        D:1 |      34 |       4 |  10.5 |      18 |       2 |  10.0
        D:2 |      49 |       0 |   0.0 |      20 |       0 |   0.0
        D:3 |     214 |       0 |   0.0 |      29 |       0 |   0.0
        D:4 |     166 |      33 |  16.6 |       9 |       1 |  10.0
        D:5 |     209 |       0 |   0.0 |       9 |       0 |   0.0
        D:6 |     642 |     322 |  33.4 |      15 |       2 |  11.8
        D:7 |     694 |    1295 |  65.1 |      17 |       7 |  29.2
        D:8 |     947 |       0 |   0.0 |      11 |       0 |   0.0
        D:9 |     785 |    1229 |  61.0 |      20 |       6 |  23.1
       D:10 |    3042 |    1943 |  39.0 |      21 |       6 |  22.2
       D:11 |    3694 |    4026 |  52.2 |      18 |      15 |  45.5
       D:12 |    3087 |       0 |   0.0 |      12 |       0 |   0.0
       D:13 |    8465 |    7037 |  45.4 |      20 |      17 |  45.9
       D:14 |    9282 |    1478 |  13.7 |      19 |       1 |   5.0
       D:15 |    5700 |    4071 |  41.7 |      11 |       8 |  42.1
     Lair:1 |    2123 |    1658 |  43.9 |      11 |       4 |  26.7
     Lair:2 |    9608 |    1455 |  13.2 |      32 |       1 |   3.0
     Lair:3 |    8890 |       0 |   0.0 |      25 |       0 |   0.0
     Lair:4 |    4217 |    2301 |  35.3 |      12 |       5 |  29.4
     Lair:5 |    5383 |     775 |  12.6 |      13 |       2 |  13.3
     Lair:6 |   13137 |    9155 |  41.1 |      37 |      18 |  32.7
    Snake:1 |    5369 |       0 |   0.0 |      10 |       0 |   0.0
    Snake:2 |    1726 |       0 |   0.0 |       3 |       0 |   0.0
    Snake:3 |    1555 |    1422 |  47.8 |       4 |       1 |  20.0
    Snake:4 |    2487 |       0 |   0.0 |       7 |       0 |   0.0
   Gauntlet |       0 |    4773 | 100.0 |       0 |      18 | 100.0
            +---------+---------+-------+---------+---------+-------
